 Dungeon Crawl Stone Soup version 0.29.0-4-gdea44cf6ec (webtiles) character file.

Game seed: 10217600125474627253

643 quinnr the Destroyer (level 7, -2/36 HPs)
             Began as a Tengu Conjurer on Aug 27, 2022.
             Slain by an iguana (11 damage)
             ... on level 5 of the Dungeon.
             The game lasted 00:07:52 (4690 turns).

quinnr the Destroyer (Tengu Conjurer)               Turns: 4690, Time: 00:07:53

Health: -2/36      AC:  3    Str:  8    XL:     7   Next: 51%
Magic:  13/21      EV: 15    Int: 20    God:
Gold:   198        SH:  0    Dex: 12    Spells: 9/12 levels left

rFire   . . .      SeeInvis .   (no weapon)
rCold   . . .      Faith    .   (no shield)
rNeg    . . .      Spirit   .   a - +0 robe
rPois   +          Reflect  .   (helmet restricted)
rElec   .          Harm     .   (no cloak)
rCorr   .          Rampage  .   t - +0 pair of gloves
Will    .....                   (boots unavailable)
Stlth   ++........              (no amulet)
HPRegen 0.12/turn               P - ring of poison resistance
MPRegen 0.17/turn               M - ring of magical power

@: flying quickly and evasively, quick
A: beak, talons 3, nimble flight
a: no special abilities


You were on level 5 of the Dungeon.
You visited 1 branch of the dungeon, and saw 5 of its levels.

You collected 198 gold pieces.


Innate Abilities, Weirdness & Mutations

You have a beak for a mouth.
You have claws for feet.
Your magical nature lets you fly swiftly and evasively.


   Skills:
 - Level 3.0 Dodging
 - Level 2.0 Stealth
 - Level 3.0 Spellcasting
 + Level 10.9 Conjurations


You had 9 spell levels left.
You knew the following spells:

 Your Spells              Type           Power      Damage    Failure   Level
m - Magic Dart            Conj           100%       1d8       1%          1
s - Searing Ray           Conj           92%        2d7       1%          2

Your spell library contained the following spells:

 Spells                   Type           Power      Damage    Failure   Level
 Dazzling Flash           Conj/Hex       48%        N/A       4%          3
 Fulminant Prism          Conj/Hex       12%        3d9       16%         4
 Iskenderun's Mystic Bla  Conj/Tloc      24%        2d7       16%         4

Inventory:

Armour
 a - a +0 robe (worn)
 t - a +0 pair of gloves (worn)
Jewellery
 C - a ring of ice
 M - a ring of magical power (right hand)
 P - a ring of poison resistance (left hand)
Scrolls
 c - 4 scrolls of identify {unknown}
 f - a scroll of immolation {unknown}
 g - 2 scrolls of poison {unknown}
 h - 2 scrolls of fear {unknown}
 i - 2 scrolls of magic mapping {unknown}
 j - a scroll of noise {unknown}
 k - a scroll of fog {unknown}
 l - 3 scrolls of teleportation {unknown}
 p - a scroll of summoning {unknown}
 r - 2 scrolls of amnesia {unknown}
 v - a scroll of vulnerability {unknown}
 w - a scroll of enchant armour {unknown}
Potions
 b - a potion of magic
 d - 3 potions of brilliance {unknown}
 e - a potion of haste {unknown}
 m - a potion of attraction {unknown}
 n - a potion of ambrosia {unknown}
 o - 3 potions of curing {unknown}
 q - a potion of heal wounds {unknown}
 s - 2 potions of mutation {unknown}
 u - a potion of lignification {unknown}

Dungeon Overview and Level Annotations

Branches:
Dungeon (5/15)
 Temple: D:4-7

Altars:
Makhleb
Qazlal

###### #.††.#
#P.....#†#
#......#l#
......##@#
##....#..#
######.##########
#....###......#
#........####.#
## #...###### #.#
###. #... #.#
###... ##.# #.#
#...## #. #.#
#.###


You could see an iguana.


Message History

The iguana is moderately wounded.
The magic dart hits the iguana.
The iguana is heavily wounded.
The iguana bites you! The frilled lizard closely misses you.
The magic dart hits the iguana but does no damage.
The iguana is heavily wounded.
The iguana bites you! The frilled lizard bites you.
* * * LOW HITPOINT WARNING * * *
Unknown command.
You see here a frilled lizard corpse.
The iguana hisses menacingly.
Casting: Magic Dart (safe; 1% risk of failure)
Confirm with . or Enter, or press ? or * to list all spells.
Aiming: Searing Ray (safe; 1% risk of failure)
Press: ? - help, Shift-Dir - straight line, f/p - iguana
Aim: an iguana (heavily wounded, 84% to hit)
The searing ray hits the iguana.
The iguana is heavily wounded.
The searing ray hits the frilled lizard.
You kill the frilled lizard! (Press . to maintain the ray.)
The iguana barely misses you.
The searing ray hits the iguana.
The iguana is almost dead.
The iguana bites you!
* * * LOW HITPOINT WARNING * * *
The searing ray hits the iguana.
The iguana is almost dead.
The iguana bites you!
You die...

Skill      XL: |  1  2  3  4  5  6 |
---------------+-------------------+-----
Dodging        | 3 |  3.0
Conjurations   | 6 7 8 10 | 10.9
Spellcasting   | 3 |  3.0
Stealth        | |  2.0

Action                   |  1- 3 |  4- 6 |  7- 9 || total
-------------------------+-------+-------+-------++-------
Melee: Unarmed           |       |     2 |       ||     2
       Kick              |       |     1 |       ||     1
 Cast: Magic Dart        |    95 |    46 |    19 ||   160
       Searing Ray       |       |    14 |     6 ||    20
Armor: Robe              |     2 |     1 |     1 ||     4
Dodge: Dodged            |    14 |    12 |    10 ||    36

Levels and vault maps discovered:
D:1:      dpeg_arrival_water_altar, layout_loops_cross, fountainhead,
          hangedman_feature_mirror
D:2:      layout_rooms, basic_ecumenical_altar
D:3:      layout_basic
D:4:      layout_basic, makhleb_altar_promises_db, palyth_stone_intersect
D:5:      layout_rooms, hangedman_feature_mirror, minmay_lizard_king

Notes
Turn   | Place    | Note
-------+----------+-------------------------------------------
     0 | D:1      | quinnr the Tengu Conjurer began the quest for the Orb.
     0 | D:1      | Reached XP level 1. HP: 10/10 MP: 4/4
   293 | D:1      | Reached XP level 2. HP: 15/15 MP: 3/6
   866 | D:1      | Reached XP level 3. HP: 19/19 MP: 5/7
  1237 | D:1      | Reached skill level 3 in Dodging
  1456 | D:1      | Found a stormy altar of Qazlal.
  1543 | D:2      | Learned a level 2 spell: Searing Ray
  1751 | D:2      | Reached skill level 6 in Conjurations
  1958 | D:2      | Found a faded altar of an unknown god.
  2232 | D:3      | Reached skill level 3 in Spellcasting
  2232 | D:3      | Reached XP level 4. HP: 24/24 MP: 4/9
  2405 | D:3      | Noticed a scorpion
  2417 | D:3      | Killed a scorpion
  2418 | D:3      | Reached skill level 7 in Conjurations
  2418 | D:3      | Gained mutation: Your magical nature lets you fly swiftly
                  | and evasively. [Tengu growth]
  2418 | D:3      | Reached XP level 5. HP: 25/28 MP: 2/10
  3154 | D:4      | Reached skill level 8 in Conjurations
  3303 | D:4      | Reached XP level 6. HP: 32/32 MP: 4/11
  3434 | D:4      | Reached skill level 9 in Conjurations
  3785 | D:4      | Noticed a black bear
  3800 | D:4      | Killed a black bear
  3846 | D:4      | Found a burning altar of Makhleb.
  3846 | D:4      | Noticed a cacodemon
  3940 | D:4      | Reached skill level 10 in Conjurations
  3940 | D:4      | Reached XP level 7. HP: 36/36 MP: 12/12
  4456 | D:5      | Entered Level 5 of the Dungeon
  4690 | D:5      | Slain by an iguana

Vanquished Creatures
  2 black bears (D:4)
  A phantom (D:4)
  3 scorpions
  2 hounds
  An orc wizard (D:4)
  3 gnolls (D:4)
  2 adders
  A worm (D:2)
  4 dart slugs
  5 orcs (D:4)
  6 endoplasms
  4 giant cockroaches
  6 hobgoblins
  4 jackals (D:1)
  6 kobolds
  6 quokkas
  6 ball pythons
  A bat (D:2)
  11 frilled lizards
  5 goblins
  2 rats
81 creatures vanquished.

Vanquished Creatures (others)
  5 plants (D:5)
5 creatures vanquished.

Grand Total: 86 creatures vanquished

Table legend: (Time is in decaauts)
 A = Elapsed time spent in this place.
 B = Non-inter-level travel time spent in this place.
 C = Inter-level travel time spent in this place.
 D = Time resting spent in this place.
 E = Time spent auto-exploring this place.
 F = Levels seen in this place.
 G = Mean time per level.
                   A        B        C        D        E       F      G
               +--------+--------+--------+--------+--------+-----+--------+
         Total |   4583 |   4512 |     71 |    182 |   3702 |   5 |  916.6 |
       Dungeon |   4583 |   4512 |     71 |    182 |   3702 |   5 |  916.6 |
               +--------+--------+--------+--------+--------+-----+--------+

Top non-repeatable levels by time:
     D:4: 1531 daAuts
     D:1: 1493 daAuts
     D:3: 711 daAuts
     D:2: 685 daAuts
     D:5: 160 daAuts

Table legend:
 A = Non-vault XP
 B = Vault XP
 C = Vault XP percentage of total XP
 D = Non-vault monster count
 E = Vault monster count
 F = Vault count percentage of total count
                 A         B        C        D         E       F
            +---------+---------+-------+---------+---------+-------
      Total |     909 |      10 |   1.1 |      71 |      10 |  12.3
            +---------+---------+-------+---------+---------+-------
        D:1 |      57 |       1 |   1.7 |      32 |       1 |   3.0
        D:2 |      16 |       0 |   0.0 |       9 |       0 |   0.0
        D:3 |     151 |       0 |   0.0 |      10 |       0 |   0.0
        D:4 |     681 |       0 |   0.0 |      19 |       0 |   0.0
        D:5 |       4 |       9 |  69.2 |       1 |       9 |  90.0
            +---------+---------+-------+---------+---------+-------
